 Dungeon Crawl Stone Soup version 0.26.1-11-gd32895ea62 (webtiles) character file.

Game seed: 4935014868866040251

3257 bnorton916 the Thaumaturge (level 9, -4/45 HPs)
             Began as a Deep Elf Conjurer on July 22, 2021.
             Was an Initiate of Sif Muna.
             Killed by divine providence
             ... invoked by an orc priest
              (13 damage)
             ... on level 8 of the Dungeon.
             The game lasted 00:19:30 (13074 turns).

bnorton916 the Thaumaturge (Deep Elf Conjurer)     Turns: 13074, Time: 00:19:31

Health: -4/45      AC:  7    Str:  5    XL:     9   Next: 67%
Magic:  15/24      EV: 13    Int: 29    God:    Sif Muna [......]
Gold:   67         SH:  0    Dex: 13    Spells: 11/27 levels left

rFire    . . .     SeeInvis +   a - +7 quarterstaff of Foul Odors {venom, +Rage Int+3}
rCold    . . .     Faith    .   (shield currently unavailable)
rNeg     . . .     Spirit   .   h - +1 robe {Will+}
rPois    .         Reflect  .   p - +2 helmet {SInv}
rElec    .         Harm     .   (no cloak)
rCorr    .         Rampage  .   l - +0 pair of gloves
Will     +....                  (no boots)
Stlth    +++.......             (no amulet)
HPRegen  0.15/turn              q - ring of flight
MPRegen  0.19/turn              C - ring of stealth

@: no status effects
A: no striking features
a: Renounce Religion, Evoke Berserk Rage, Evoke Flight


You were on level 8 of the Dungeon.
You worshipped Sif Muna.
Sif Muna was noncommittal.
You visited 2 branches of the dungeon, and saw 9 of its levels.
You also visited: Ossuary.

You collected 436 gold pieces.
You spent 369 gold pieces at shops.

Inventory:

Hand Weapons
 a - the +7 quarterstaff of Foul Odors (weapon) {venom, +Rage Int+3}
   (You found it on level 7 of the Dungeon)

   It poisons the flesh of those it strikes.
   It affects your intelligence (+3).
   It lets you go berserk.
 o - a +2 whip of venom
 s - the +3 long sword "Dytox" {holy, Dex+2}
   (You found it on level 4 of the Dungeon)

   It has been blessed by the Shining One to cause great damage to the undead
   and demons.
   It affects your dexterity (+2).
 E - a +2 short sword of freezing
Missiles
 k - 171 stones
 r - 4 javelins
Armour
 h - a +1 robe of willpower (worn)
 l - a +0 pair of gloves (worn)
 p - a +2 helmet of see invisible (worn)
 F - a +1 leather armour of fire resistance
Jewellery
 q - a ring of flight (left hand)
 x - an uncursed amulet of faith
 C - a ring of stealth (right hand)
Wands
 i - a wand of polymorph (13)
 m - a wand of random effects (13)
 v - a wand of digging (5)
Scrolls
 c - 6 scrolls of teleportation
 f - 5 scrolls of fear
 n - 3 scrolls of remove curse
 t - 3 scrolls of amnesia
 w - 2 scrolls of silence
 y - a scroll of holy word {unknown}
 G - a scroll of identify
Potions
 b - a potion of haste
 d - 3 potions of attraction
 e - 5 potions of might
 g - 4 potions of curing
 j - a potion of ambrosia
 u - 2 potions of lignification
 z - a potion of berserk rage
 A - a potion of brilliance
 B - a potion of magic
 D - a potion of flight


   Skills:
 - Level 2.4 Dodging
 - Level 2.4 Stealth
 - Level 9.6 Spellcasting
 + Level 9.0 Conjurations
 - Level 8.1 Hexes
 + Level 1.4 Summonings
 - Level 6.7 Translocations
 + Level 1.2 Air Magic
 + Level 1.4 Poison Magic


You had 11 spell levels left.
You knew the following spells:

 Your Spells              Type           Power        Failure   Level
a - Magic Dart            Conj           100%         1%          1
b - Searing Ray           Conj           100%         1%          2
c - Fulminant Prism       Conj/Hex       29%          1%          4
d - Iskenderun's Mystic   Conj/Tloc      56%          1%          4
e - Mephitic Cloud        Conj/Pois/Air  36%          2%          3
f - Call Imp              Summ           22%          3%          2

Your spell library contained the following spells:

 Spells                   Type           Power        Failure   Level
 Blink                    Tloc           N/A          1%          2
 Slow                     Hex            57%          1%          2
 Conjure Flame            Conj/Fire      40%          1%          3
 Dazzling Flash           Conj/Hex       100%         1%          3


Dungeon Overview and Level Annotations

Branches:
Dungeon (8/15)             Temple (1/1) D:7         Ossuary (visited)
   Lair: D:8-11

Altars:
Ashenzari
Cheibriados
Dithmenos
Elyvilon
Fedhas
Gozag
Hepliaklqana
Kikubaaqudgha
Makhleb
Nemelex Xobeh
Okawaru
Qazlal
Ru
Sif Muna
Trog
Uskayaw
Vehumet
Wu Jian
Yredelemnul
Zin
The Shining One

Shops:
D:7 ?

Annotations:
D:7 1 transporter, snafub's ghost, novice MiFi


Message History

Your Summonings skill increases to level 1!
Your Air Magic skill increases to level 1!
Your Poison Magic skill increases to level 1!
The searing ray hits the orc priest!
The orc priest is severely wounded.
The orc priest miscasts a cantrip.
The searing ray hits the orc priest.
The orc priest is almost dead.
The orc priest invokes the aid of Beogh against you.
Beogh smites you!
Unknown command.
The searing ray misses the orc priest.
You finish channeling your searing ray.
The orc priest mumbles some strange prayers to Beogh against you.
Beogh smites you!
* * * LOW HITPOINT WARNING * * *
Unknown command.
It was a potion of curing.
You feel better.
The orc priest invokes the aid of Beogh against you.
Beogh smites you!
You die...

#......<#
#.#####.#
#.#####.#
##.#......
#########.....##.#
#.............##.#
#.#######.........
#.# ##..[.##.# #@#
#.....#.# #.#
#........# #o.
..........# #.##
###.#...##.# #)#
#.##..##.# #o# #.
##.##.# #.# #.#


You could see 2 orc priests.

Vanquished Creatures
  Grinder (D:6)
  A wyvern (D:8)
  An orc warrior (D:6)
  An ogre (D:5)
  6 centaurs
  2 necrophages
  2 big kobolds (D:7)
  A bullfrog (D:6)
  A gnoll sergeant (D:5)
  7 scorpions (Ossuary)
  4 wights (D:7)
  A howler monkey (D:7)
  2 quasits
  A bullfrog zombie (D:7)
  2 human zombies (Ossuary)
  A jelly (D:6)
  2 centaur zombies (Ossuary)
  3 hounds
  5 orc wizards
  3 orc priests
  A bullfrog skeleton (D:6)
  6 worker ants
  2 big kobold zombies (Ossuary)
  A hound zombie (D:7)
  2 hound skeletons
  3 mummies (Ossuary)
  A worker ant zombie (D:5)
  3 scorpion zombies (Ossuary)
  17 gnolls
  5 adders
  2 white imps
  An ufetubus (D:5)
  An adder skeleton (D:5)
  3 adder zombies
  3 worms
  A dart slug (D:1)
  A leopard gecko (D:3)
  20 orcs
  4 giant cockroaches
  4 gnoll zombies (Ossuary)
  7 goblins
  13 hobgoblins
  22 jackals
  5 quokkas
  2 ball pythons
  6 bats
  6 frilled lizards
  A giant cockroach zombie (D:6)
  A goblin zombie (Ossuary)
  3 hobgoblin zombies (Ossuary)
  16 kobolds
  3 kobold zombies (Ossuary)
  A leopard gecko skeleton (D:4)
  3 orc zombies (Ossuary)
  A quokka skeleton (D:4)
  A quokka zombie (D:6)
  7 rats
  A butterfly (D:8)
227 creatures vanquished.

Vanquished Creatures (others)
  A kobold zombie (Ossuary)
  7 fulminant prisms
8 creatures vanquished.

Grand Total: 235 creatures vanquished

Notes
Turn   | Place    | Note
-------+----------+-------------------------------------------
     0 | D:1      | bnorton916 the Deep Elf Conjurer began the quest for the
                  | Orb.
     0 | D:1      | Reached XP level 1. HP: 10/10 MP: 6/6
   292 | D:1      | Reached XP level 2. HP: 15/15 MP: 5/8
   349 | D:1      | Learned a level 2 spell: Searing Ray
   772 | D:2      | Reached skill level 5 in Conjurations
   772 | D:2      | Reached XP level 3. HP: 14/19 MP: 2/10
  1729 | D:2      | Reached XP level 4. HP: 13/24 MP: 7/12
  1995 | D:2      | Learned a level 4 spell: Fulminant Prism
  2000 | D:2      | Learned a level 4 spell: Iskenderun's Mystic Blast
  2137 | D:2      | Found a faded altar of an unknown god.
  2649 | D:3      | Reached skill level 5 in Spellcasting
  2676 | D:3      | Reached skill level 1 in Hexes
  2676 | D:3      | Reached skill level 1 in Translocations
  2854 | D:3      | Reached XP level 5. HP: 15/28 MP: 9/14
  3949 | D:4      | Found a glowing golden altar of the Shining One.
  4021 | D:4      | Got a scorched long sword
  4036 | D:4      | Reached XP level 6. HP: 32/32 MP: 10/16
  4836 | D:5      | Entered Level 5 of the Dungeon
  5618 | D:5      | Identified the cursed +3 long sword "Dytox" {holy, Dex+2}
                  | (You found it on level 4 of the Dungeon)
  5984 | D:5      | Reached XP level 7. HP: 33/36 MP: 13/18
  7040 | D:5      | Reached skill level 5 in Hexes
  7349 | D:6      | Reached XP level 8. HP: 34/41 MP: 15/21
  7786 | D:6      | Found a burning altar of Makhleb.
  7858 | D:6      | Noticed Grinder
  8027 | D:6      | Killed Grinder
  8028 | D:6      | Reached skill level 5 in Translocations
  9308 | D:7      | Found a sand-covered staircase.
  9449 | Ossuary  | Entered an ossuary
  9906 | Ossuary  | Reached XP level 9. HP: 44/45 MP: 15/23
 11385 | D:7      | Got a translucent quarterstaff
 11386 | D:7      | Identified the +7 quarterstaff of Foul Odors {venom, +Rage
                  | Int+3} (You found it on level 7 of the Dungeon)
 11391 | D:7      | Found Umebb's Magic Scroll Emporium.
 11415 | D:7      | Noticed snafub's ghost (novice MiFi)
 11431 | D:7      | Bought a scroll of enchant armour for 97 gold pieces
 11431 | D:7      | Bought a scroll of silence for 97 gold pieces
 11431 | D:7      | Bought a scroll of identify for 26 gold pieces
 11431 | D:7      | Bought a scroll of identify for 26 gold pieces
 11431 | D:7      | Bought a scroll of identify for 26 gold pieces
 11431 | D:7      | Bought a scroll of enchant armour for 97 gold pieces
 11733 | D:7      | Found a staircase to the Ecumenical Temple.
 11765 | Temple   | Entered the Ecumenical Temple
 12097 | Temple   | Became a worshipper of Sif Muna the Loreminder
 12151 | D:7      | Learned a level 3 spell: Mephitic Cloud
 12154 | D:7      | Learned a level 2 spell: Call Imp
 12818 | D:7      | Found a transporter.
 12837 | D:7      | Found a transporter.
 13071 | D:8      | Reached skill level 1 in Summonings
 13071 | D:8      | Reached skill level 1 in Air Magic
 13071 | D:8      | Reached skill level 1 in Poison Magic
 13073 | D:8      | HP: 1/45 [orc priest/divine providence (13)]
 13074 | D:8      | Killed from afar by an orc priest

Illustrated notes

Levels and vault maps discovered:
D:1:      wander_arrival_desolate, layout_basic
D:2:      layout_loops_ring, chequers_ecumenical_altar_grove,
          chequers_serial_rivers_small_a
D:3:      layout_loops_ring
D:4:      layout_basic, nicolae_tso_swordbearing_angel
D:5:      layout_cave_pods
D:6:      layout_cave_pools, makhleb_blood_cavern_becter, uniq_grinder
D:7:      layout_basic, temple_pool_b, serial_shops, nicolae_shop_stone,
          nzn_ghost_randoct, enter_ossuary_1
D:8:      layout_loops_ring, xom_butterflies, uniq_pikel
Temple:   minmay_crystal_snake_temple

Skill      XL: |  1  2  3  4  5  6  7  8  9 |
---------------+----------------------------+-----
Spellcasting   | 4 5 6 7 8 9 |  9.6
Conjurations   | 5 6 7 8 9 |  9.0
Hexes          | 1 2 3 5 7 8 |  8.1
Translocations | 1 2 3 4 5 6 |  6.7
Summonings     | 1 |  1.4
Air Magic      | 1 |  1.2
Poison Magic   | 1 |  1.4
Dodging        | |  2.4
Stealth        | |  2.4

Action                   |  1- 3 |  4- 6 |  7- 9 || total
-------------------------+-------+-------+-------++-------
Melee: Long sword        |       |     2 |    50 ||    52
       Quarterstaff      |       |       |    12 ||    12
 Cast: Magic Dart        |    79 |   159 |   165 ||   403
       Searing Ray       |       |     9 |    41 ||    50
       Fulminant Prism   |       |       |     7 ||     7
  Use: Scroll            |       |     5 |    18 ||    23
       Potion            |       |       |     1 ||     1
 Stab: Sleeping          |       |       |     1 ||     1
Armor: Robe              |     4 |     9 |    35 ||    48
Dodge: Dodged            |    11 |    24 |   100 ||   135
       Rpst.: Long sword |       |     2 |    19 ||    21
